 Dungeon Crawl Stone Soup version 0.14-a0-1876-g927fc3a (webtiles) character file.

10165 Jenx the Brawler (level 11, -3/94 HPs)
             Began as a Troll Monk on Jan 15, 2014.
             Was a High Priest of Okawaru.
             Slain by a 11-headed hydra (11 damage)
             ... on Level 1 of the Lair of Beasts.
             The game lasted 00:28:18 (8548 turns).

Jenx the Brawler (Troll Monk)                       Turns: 8548, Time: 00:28:18

HP  -3/94        AC  8     Str 21      XL: 11   Next: 26%
MP   2/4         EV 14     Int  6      God: Okawaru [*****.]
Gold 487         SH  0     Dex 15      Spells:  1 memorised,  9 levels left

rFire  . . .     SeeInvis +       - Unarmed
rCold  . . .     Clarity  .     C - +0 orc robe
rNeg   . . .     Conserve .     (shield restricted)
rPois  .         rCorr    .     X - +1 hat
rElec  .         rRot     .     B - +1 cloak
SustAb . .       Spirit   .     (gloves unavailable)
rMut   .         Warding  .     (boots unavailable)
Gourm  +         Stasis   .     (no amulet)
MR     .....                    (no ring)
                                k - ring of see invisible

@: mildly poisoned, heroism, not resistant to hostile enchantments, stealthy
A: unfitting armour, claws 3, fast metabolism 3, gourmand, regeneration 2,
saprovore 2, shaggy fur 1, tough skin 2
a: Heroism, Finesse, Renounce Religion


You were on level 1 of the Lair of Beasts.
You worshipped Okawaru.
Okawaru was extremely pleased with you.
You were not hungry.

You visited 3 branches of the dungeon, and saw 12 of its levels.
You also visited: Sewer.

You collected 487 gold pieces.

Inventory:

Missiles
 Y - 5 large rocks (quivered)
Armour
 B - a +1 cloak (worn)
 C - a +0 orcish robe (worn)
 X - a +1 hat (worn)
Magical devices
 n - a wand of cold (2)
 z - a wand of teleportation (3) {unknown}
 D - a wand of fireball (2)
 M - a wand of fireball (4)
 S - a wand of draining (7) {unknown}
Comestibles
 v - 7 meat rations
Scrolls
 b - a scroll of enchant weapon II
 h - 2 scrolls of identify
 i - 4 scrolls of teleportation
 m - a scroll of noise {unknown}
 t - 4 scrolls of magic mapping
 y - 5 scrolls of blinking
 H - a scroll of amnesia {unknown}
 K - 2 scrolls of curse weapon {unknown}
 O - 6 scrolls of remove curse
 U - a scroll of acquirement {unknown}
Jewellery
 k - a ring of see invisible (left claw)
Potions
 c - 3 potions of paralysis {unknown}
 j - 3 potions of resistance {unknown}
 l - a potion of invisibility {unknown}
 q - 2 potions of might {unknown}
 r - 7 potions of curing
 G - 2 potions of heal wounds
 L - 2 potions of mutation {unknown}
 N - 2 potions of brilliance {unknown}
 Q - a potion of restore abilities {unknown}
 T - a potion of berserk rage {unknown}
Books
 a - a book of the Tempests

   Spells                             Type                      Level
   Static Discharge                   Conjuration/Air              3
   Lightning Bolt                     Conjuration/Air              5
   Fireball                           Conjuration/Fire             5
   Tornado                            Air                          9
   Shatter                            Earth                        9


   Skills:
 - Level 2.4(7.4) Fighting
 - Level 2.4(7.4) Dodging
 - Level 1.1(6.1) Stealth
 * Level 16.9(21.9) Unarmed Combat


You had 9 spell levels left.
You knew the following spells:

 Your Spells              Type           Power        Failure   Level  Hunger
a - Beastly Appendage     Trmt           #.....       52%         1    ##.....


Dungeon Overview and Level Annotations

Branches:
Dungeon (10/16)            Temple (1/1) D:5            Lair (1/8) D:10
    Orc: D:9-12

Altars:
Ashenzari
Cheibriados
Elyvilon
Makhleb
Nemelex Xobeh
Okawaru
Trog
Vehumet
Xom
Yredelemnul
Zin
the Shining One

Shops:
D:4 *

Annotations:
Lair:1 Gastronok


Innate Abilities, Weirdness & Mutations

You are too large for most types of armour.
You have claws for hands.
Your metabolism is lightning-fast.
You like to eat raw meat.
You heal very quickly.
You can eat rotten meat.
You are covered in fur (AC +1).
You have very tough skin (AC +2).


Message History

The nine-headed hydra begins to bleed from its wounds!
The nine-headed hydra is moderately wounded.
The nine-headed hydra bites you! The nine-headed hydra bites you.
The nine-headed hydra completely misses you.
The nine-headed hydra bites you!
* * * LOW HITPOINT WARNING * * *
You tear one of the nine-headed hydra's heads off!
The eight-headed hydra grows two more!
You mangle the ten-headed hydra!!
The ten-headed hydra is heavily wounded.
You claw one of the ten-headed hydra's heads off!
The nine-headed hydra grows two more!
You claw the 11-headed hydra!
The 11-headed hydra is heavily wounded.
The 11-headed hydra completely misses you.
The 11-headed hydra bites you.
* * * LOW HITPOINT WARNING * * *
The 11-headed hydra bites you!
* * * LOW HITPOINT WARNING * * *
The 11-headed hydra bites you!
You die...

...........#####.........##
.........##..............##
.........##.##.#.........##
......##..##.#####.#......f#
.#....##..##.P####..#.)....#
............................
........#..f#.####..##.....##
.............>...............
........#..#@..####.#..###.#.
..........##D##### #.##
............t..... #.##..#
..........#.j..... #.....
..........D........ #......
.........%........ .......
................ .......
........?#...... #.....
.........#...... .....


You could see an agate snail, a 11-headed hydra (bleeding) and a crocodile.

Vanquished Creatures
  The ghost of Piginabag the Ducker, an experienced DsMo (D:9)
  The ghost of miro the Thaumaturge, an experienced HEWz of Vehumet (D:8)
  A draconian (shapeshifter) (D:9)
  A cyclops (D:9)
  3 spiny frogs (Lair:1)
  A spriggan (D:7)
  A troll (D:10)
  The ghost of Piginabag the Ducker, an average FoMo (D:4)
  A boulder beetle (D:9)
  A wyvern (D:9)
  9 yaks
  A hungry ghost (D:10)
  A deep elf fighter (D:10)
  A manticore (D:8)
  A necrophage (D:5)
  An orc warrior (D:9)
  3 centaurs
  5 phantoms
  2 sky beasts
  2 black bears
  4 ogres
  Sigmund (D:2)
  The ghost of temujin the Sneak, an average KoAs (D:3)
  2 crocodiles
  Blork the orc (D:5)
  A manticore zombie (D:9)
  3 giant frogs
  5 killer bees
  An eye of draining (D:10)
  10 wights
  A troll skeleton (D:7)
  2 crimson imps
  2 hounds
  A giant frog zombie (D:7)
  A goliath beetle (D:7)
  3 jellies
  Crazy Yiuf (D:3)
  2 iguanas
  6 orc wizards
  A manticore simulacrum (D:9)
  5 orc priests
  5 scorpions
  9 worker ants
  Jessica (D:3)
  4 gnolls (D:3)
  11 adders
  3 green rats (D:10)
  A worm zombie (D:9)
  17 giant mites
  4 worms
  2 giant eyeballs
  16 giant geckos
  28 orcs
  17 bats
  19 giant cockroaches
  15 goblins
  14 hobgoblins
  10 jackals
  9 quokkas
  14 ball pythons
  13 giant newts
  14 kobolds
  An orc skeleton (D:4)
  A quokka zombie (D:9)
  12 rats
332 creatures vanquished.

Notes
Turn   | Place    | Note
--------------------------------------------------------------
     0 | D:1      | Jenx, the Troll Monk, began the quest for the Orb.
     0 | D:1      | Reached XP level 1. HP: 22/22 MP: 1/1
   137 | D:1      | Reached XP level 2. HP: 25/29 MP: 1/1
   657 | D:1      | Reached skill level 5 in Unarmed Combat
   675 | D:1      | Reached XP level 3. HP: 36/36 MP: 2/2
   808 | D:2      | Noticed Sigmund
   823 | D:2      | Killed Sigmund
   823 | D:2      | Reached skill level 6 in Unarmed Combat
   823 | D:2      | Reached XP level 4. HP: 30/44 MP: 2/2
   996 | D:2      | Learned a level 1 spell: Beastly Appendage
  1444 | D:3      | Noticed temujin's ghost (average KoAs)
  1454 | D:3      | Killed temujin's ghost
  1454 | D:3      | Reached XP level 5. HP: 38/50 MP: 2/2
  1597 | D:3      | Reached skill level 7 in Unarmed Combat
  1691 | D:3      | Reached XP level 6. HP: 41/59 MP: 3/3
  1780 | D:3      | Found a glowing drain.
  1804 | D:3      | Noticed Jessica
  1810 | D:3      | Killed Jessica
  1819 | Sewer    | Entered a sewer
  2001 | Sewer    | Reached skill level 8 in Unarmed Combat
  2369 | Sewer    | Reached XP level 7. HP: 62/66 MP: 3/3
  2382 | Sewer    | Reached skill level 9 in Unarmed Combat
  2642 | D:3      | Noticed Crazy Yiuf
  2652 | D:3      | Killed Crazy Yiuf
  3095 | D:4      | Found Chingaen's Assorted Antiques.
  3392 | D:4      | Noticed Piginabag's ghost (average FoMo)
  3406 | D:4      | Killed Piginabag's ghost
  3406 | D:4      | Reached skill level 10 in Unarmed Combat
  3406 | D:4      | Reached XP level 8. HP: 56/74 MP: 3/3
  3721 | D:4      | Found a bloodstained altar of Trog.
  3723 | D:4      | Found a burning altar of Makhleb.
  3834 | D:5      | Entered Level 5 of the Dungeon
  3910 | D:5      | Found a staircase to the Ecumenical Temple.
  3917 | Temple   | Entered the Ecumenical Temple
  3942 | Temple   | Became a worshipper of Warmaster Okawaru
  3942 | Temple   | Acquired Okawaru's first power
  3969 | D:5      | Noticed Blork the orc
  3980 | D:5      | Killed Blork the orc
  4129 | D:5      | Reached skill level 11 in Unarmed Combat
  4395 | D:5      | Found a basalt altar of Yredelemnul.
  4537 | D:6      | Reached skill level 12 in Unarmed Combat
  4635 | D:6      | Found a white marble altar of Elyvilon.
  4640 | D:6      | Reached XP level 9. HP: 77/80 MP: 4/4
  4718 | D:6      | Found a snail-covered altar of Cheibriados.
  5476 | D:7      | Found a glowing silver altar of Zin.
  5568 | D:7      | Reached skill level 13 in Unarmed Combat
  5806 | D:8      | Found a radiant altar of Vehumet.
  5908 | D:8      | Found a shattered altar of Ashenzari.
  5930 | D:8      | Paralysed by a giant eyeball for 2 turns
  5936 | D:8      | Paralysed by a giant eyeball for 3 turns
  6066 | D:8      | Noticed miro's ghost (experienced HEWz)
  6081 | D:8      | Killed miro's ghost
  6081 | D:8      | Reached skill level 14 in Unarmed Combat
  6356 | D:8      | Reached XP level 10. HP: 86/88 MP: 4/4
  6600 | D:9      | Noticed Piginabag's ghost (experienced DsMo)
  6933 | D:9      | Killed Piginabag's ghost
  7066 | D:9      | Reached skill level 15 in Unarmed Combat
  7393 | D:9      | Acquired Okawaru's second power
  7806 | D:9      | Noticed a draconian
  7806 | D:9      | Noticed a cyclops
  7824 | D:9      | Killed a cyclops
  7829 | D:9      | Killed a draconian
  7829 | D:9      | Received a gift from Okawaru
  7940 | D:9      | Reached skill level 16 in Unarmed Combat
  8065 | D:9      | Reached XP level 11. HP: 48/94 MP: 4/4
  8095 | D:10     | Entered Level 10 of the Dungeon
  8263 | D:10     | Found a staircase to the Lair.
  8277 | Lair:1   | Entered Level 1 of the Lair of Beasts
  8530 | Lair:1   | Noticed Gastronok
  8536 | Lair:1   | Noticed an eight-headed hydra
  8548 | Lair:1   | Slain by a 11-headed hydra

Action                   |  1- 3 |  4- 6 |  7- 9 | 10-12 || total
-------------------------+-------+-------+-------+-------++-------
Melee: Unarmed           |    60 |   286 |   345 |   257 ||   948
Throw: Dart              |       |       |     2 |       ||     2
       Tomahawk          |       |       |       |     1 ||     1
       Large rock        |       |       |       |     1 ||     1
Invok: Heroism           |       |       |       |     4 ||     4
Evoke: Wand              |       |       |     3 |       ||     3
  Use: Scroll            |       |     3 |     9 |     1 ||    13
       Potion            |       |       |       |     1 ||     1
 Stab: Sleeping          |     1 |     1 |     1 |     1 ||     4
